 Dungeon Crawl Stone Soup version 0.29-a0-472-ge5599a681e (webtiles) character file.

Game seed: 8768402664650933399

3861 sammy202020 the Fighter (level 9, -2/83 HPs)
             Began as a Demonspawn Berserker on May 22, 2022.
             Was an Elder of Trog.
             Slain by an orc warrior
             ... wielding a +0 broad axe
              (20 damage)
             ... in a bailey.
             The game lasted 00:11:51 (8666 turns).

sammy202020 the Fighter (Demonspawn Berserker)      Turns: 8666, Time: 00:11:51

Health: -2/83      AC: 15    Str: 19    XL:     9   Next: 99%
Magic:  9/9        EV:  8    Int: 11    God:    Trog [****..]
Gold:   239        SH:  0    Dex: 15    Spells: 8/8 levels left

rFire   . . .      SeeInvis .   b - +0 war axe (flame)
rCold   + + .      Faith    .   (no shield)
rNeg    + . .      Spirit   .   r - +0 plate armour {rN+}
rPois   .          Reflect  .   k - +0 helmet
rElec   .          Harm     .   (no cloak)
rCorr   +          Rampage  .   (no gloves)
Will    ++...      Clarity  +   (no boots)
Stlth   ..........              (no amulet)
HPRegen 1.23/turn               x - ring of resist corrosion
MPRegen 0.11/turn               s - ring of protection from cold

@: strong-willed, regenerating
A: hooves 1, thin metallic scales 1, powered by death 3, agile 1, clarity, cold
resistance 1, robust 1
a: Renounce Religion, Berserk, Trog's Hand, Brothers in Arms


You were in a bailey.
You worshipped Trog.
Trog was greatly pleased with you.
You visited 1 branch of the dungeon, and saw 7 of its levels.
You also visited: Bailey.

You collected 351 gold pieces.
You spent 112 gold pieces at shops.

Inventory:

Hand Weapons
 a - a +0 hand axe
 b - a +0 war axe of flaming (weapon)
 p - a +0 flail
 C - a +0 broad axe
Missiles
 i - 2 throwing nets (quivered)
 u - 19 boomerangs
Armour
 k - a +0 helmet (worn)
 r - a +0 plate armour of positive energy (worn)
 w - a +2 scale mail of cold resistance
Jewellery
 e - a +6 ring of intelligence
 h - a ring of ice
 s - a ring of protection from cold (right hand)
 t - a +6 ring of intelligence
 v - a ring of ice
 x - a ring of resist corrosion (left hand)
Wands
 n - a wand of flame (9)
 q - a wand of paralysis (13)
Scrolls
 g - 5 scrolls of teleportation
 o - 2 scrolls of silence
 y - 2 scrolls of identify
 B - a scroll of vulnerability
Potions
 c - 3 potions of haste
 d - 2 potions of mutation
 f - 5 potions of curing
 j - a potion of lignification
 l - a potion of heal wounds
 m - 2 potions of brilliance
 z - a potion of berserk rage
 A - a potion of magic


   Skills:
 * Level 9.0 Fighting
 * Level 8.1 Axes
 + Level 5.5 Armour
 + Level 5.5 Dodging


You had 8 spell levels left.
You didn't know any spells.
Your spell library was empty.

Dungeon Overview and Level Annotations

Branches:
Dungeon (7/15)             Temple (0/1) D:6          Bailey (1/1)

Altars:
Elyvilon
Ru
Wu Jian

Shops:
D:3 !


Innate Abilities, Weirdness & Mutations

You have large cloven feet.
You are partially covered in thin metallic scales. (AC +2)
You regenerate a lot of health from kills.
You are agile. (Dex +2)
You possess an exceptional clarity of mind.
Your flesh is cold resistant. (rC+)
You are robust. (+10% HP)


Message History

The orc warrior goes into a battle-frenzy!
There is an open gate here.
You slash the orc knight! You burn the orc knight.
Your kick misses the orc knight.
You punch the orc knight, but do no damage.
The orc knight is moderately wounded.
The orc knight hits you with a +0 war axe!!
You hit the orc knight but do no damage.
Your kick misses the orc knight.
The orc knight is lightly wounded.
You hit the orc warrior. You burn the orc warrior.
The orc knight hits you with a +0 war axe.
The orc warrior barely misses you.
You closely miss the orc warrior.
The orc warrior is moderately wounded.
You barely miss the orc knight.
The orc knight hits you with a +0 war axe!
The orc warrior hits you but does no damage.
You are too injured to fight recklessly!
You are too injured to fight recklessly!
You are too injured to fight recklessly!
You are too injured to fight recklessly!
You are too injured to fight recklessly!
Unknown command.
Your skin crawls.
You feel strong-willed.
The orc knight hits you with a +0 war axe!!
* * * LOW HITPOINT WARNING * * *
The orc warrior hits you with a +0 broad axe!
* * * LOW HITPOINT WARNING * * *
You feel much better.
The orc knight hits you with a +0 war axe!
The orc warrior hits you with a +0 broad axe!!
* * * LOW HITPOINT WARNING * * *
Your skin crawls.
You feel strong-willed. The orc knight barely misses you.
The orc warrior barely misses you.
The orc warrior attacks as you move away!
The orc warrior hits you with a +0 broad axe!!
You die...

...≈≈.......≈≈...
###≈≈.......≈≈###
..≈≈.......≈≈...
###≈≈.......≈≈###
..≈≈.......≈≈...
##≈≈.......≈≈###
.≈≈.......≈≈...
#≈≈.......≈≈###
##≈....@..≈##
####'oo####
#.....# #∩?...)∩#
#...8...#
##..(..## ###+###


You could see an orc knight and an orc warrior (strong).

Vanquished Creatures
  A two-headed ogre (D:5)
  A deep elf pyromancer (D:7)
  Maggie (D:7)
  Sigmund (D:5)
  6 yaks (D:7)
  Edmund (D:5)
  A water moccasin (D:7)
  2 black bears
  An ogre (D:6)
  3 kobold brigands (Bailey)
  A bullfrog (D:6)
  2 necrophages
  2 hounds (D:5)
  An orc priest (D:7)
  A jelly (D:7)
  4 iguanas
  3 gnoll shamans
  2 orc wizards
  14 gnolls
  7 adders
  A shadow imp (D:5)
  A white imp (D:6)
  An ufetubus (D:5)
  A worm (D:3)
  26 orcs
  6 endoplasms
  9 giant cockroaches
  13 goblins
  13 hobgoblins
  29 kobolds
  5 quokkas
  5 ball pythons
  3 bats
  5 frilled lizards
  6 rats
179 creatures vanquished.

Vanquished Creatures (others)
  An orc (D:7)
  4 plants (D:5)
5 creatures vanquished.

Grand Total: 184 creatures vanquished

Notes
Turn   | Place    | Note
-------+----------+-------------------------------------------
     0 | D:1      | sammy202020 the Demonspawn Berserker began the quest for
                  | the Orb.
     0 | D:1      | Reached XP level 1. HP: 18/18 MP: 1/1
   218 | D:1      | Gained mutation: You have large cloven feet. [demonic
                  | ancestry]
   218 | D:1      | Reached XP level 2. HP: 24/24 MP: 2/2
  1430 | D:2      | Gained mutation: You regenerate a little health from kills.
                  | [demonic ancestry]
  1430 | D:2      | Reached XP level 3. HP: 23/29 MP: 3/3
  1516 | D:2      | Reached ** piety under Trog
  2688 | D:2      | Gained mutation: You are partially covered in thin metallic
                  | scales. (AC +2) [demonic ancestry]
  2688 | D:2      | Reached XP level 4. HP: 35/37 MP: 4/4
  2704 | D:2      | Found a faded altar of an unknown god.
  2947 | D:3      | Found a sacrificial altar of Ru.
  2971 | D:3      | Reached skill level 4 in Fighting
  3013 | D:3      | Found Caefybie's Distillery.
  3026 | D:3      | Bought a potion of mutation for 112 gold pieces
  3026 | D:3      | Gained mutation: You possess an exceptional clarity of
                  | mind. [potion of mutation]
  3026 | D:3      | Gained mutation: You are agile. (Dex +2) [potion of
                  | mutation]
  3026 | D:3      | Gained mutation: You are robust. (+10% HP) [potion of
                  | mutation]
  3026 | D:3      | Gained mutation: Your flesh is cold resistant. (rC+)
                  | [potion of mutation]
  3744 | D:4      | Gained mutation: You regenerate health from kills. [demonic
                  | ancestry]
  3744 | D:4      | Reached XP level 5. HP: 35/46 MP: 5/5
  5071 | D:5      | Entered Level 5 of the Dungeon
  5092 | D:5      | Found an ornate altar of the Wu Jian Council.
  5102 | D:5      | Reached XP level 6. HP: 52/53 MP: 6/6
  5187 | D:5      | Reached *** piety under Trog
  5451 | D:5      | Reached skill level 5 in Fighting
  5708 | D:5      | Noticed Edmund
  5718 | D:5      | Killed Edmund
  5719 | D:5      | Reached XP level 7. HP: 61/61 MP: 7/7
  6013 | D:5      | Reached skill level 5 in Axes
  6082 | D:5      | Noticed a two-headed ogre
  6090 | D:5      | Killed a two-headed ogre
  6091 | D:5      | Reached skill level 6 in Fighting
  6091 | D:5      | Gained mutation: You regenerate a lot of health from kills.
                  | [demonic ancestry]
  6091 | D:5      | Reached XP level 8. HP: 24/71 MP: 8/8
  6501 | D:5      | Noticed Sigmund
  6513 | D:5      | Killed Sigmund
  6814 | D:6      | Reached skill level 7 in Fighting
  7014 | D:6      | Found a staircase to the Ecumenical Temple.
  8095 | D:7      | Noticed a deep elf pyromancer
  8097 | D:7      | Reached XP level 9. HP: 79/79 MP: 9/9
  8098 | D:7      | Reached **** piety under Trog
  8103 | D:7      | Noticed Maggie
  8107 | D:7      | Killed a deep elf pyromancer
  8108 | D:7      | Reached skill level 8 in Fighting
  8122 | D:7      | Killed Maggie
  8123 | D:7      | Reached skill level 5 in Armour
  8123 | D:7      | Reached skill level 5 in Dodging
  8567 | D:7      | Found a flagged portal.
  8579 | Bailey   | Entered a bailey
  8614 | Bailey   | Reached skill level 9 in Fighting
  8657 | Bailey   | Noticed an orc knight
  8666 | Bailey   | Slain by an orc warrior

Illustrated notes

Levels and vault maps discovered:
D:1:      lightli_iron_boxes, layout_loops_ring, chequers_garden,
          hangedman_decor_riveting
D:2:      minmay_chambers_of_ones, layout_basic,
          hellmonk_ecumenical_altar_prayer_group
D:3:      layout_loops_cross, nicolae_ru_great_annihilating_truth, serial_shops,
          shop_fountains, serial_bayou, serial_bayou_pond_a,
          serial_bayou_crossing, serial_bayou_pond_d, serial_bayou_ford_a
D:4:      layout_gridville
D:5:      layout_gridville, mainiacjoe_overflow_cross_hatched,
          gup_sewer_entry_glass, kennysheep_nub, minivault_4, uniq_edmund,
          uniq_sigmund
D:6:      corexii_shantytown, layout_basic, mainiacjoe_overflow_alcove_4,
          minmay_temple_entry_glassed_door, hangedman_abyss_or_decor_lesser_grid
D:7:      layout_cave_pools, enter_bailey_4, nicolae_water_bricks, uniq_maggie
Bailey:   bailey_axe_3, bailey

Skill      XL: |  1  2  3  4  5  6  7  8  9 |
---------------+----------------------------+-----
Axes           | 3 4 5 6 8 |  8.1
Armour         | 2 3 4 5 |  5.5
Dodging        | 2 3 4 5 |  5.5
Fighting       | 4 5 6 7 9 |  9.0

Action                   |  1- 3 |  4- 6 |  7- 9 || total
-------------------------+-------+-------+-------++-------
Melee: Hand axe          |   135 |    42 |       ||   177
       Kick              |    23 |    41 |    73 ||   137
       Punch             |     1 |     1 |     2 ||     4
       War axe           |       |   106 |   234 ||   340
Invok: Berserk           |       |     3 |     2 ||     5
       Trog's Hand       |       |     1 |     3 ||     4
  Use: Scroll            |     4 |     7 |     8 ||    19
       Potion            |       |     1 |     1 ||     2
 Stab: Sleeping          |     5 |       |       ||     5
       Invisible         |       |     1 |       ||     1
Armor: Animal skin       |    22 |     7 |       ||    29
       Plate armour      |       |   118 |    53 ||   171
       Scale mail        |       |       |    81 ||    81
Dodge: Dodged            |    86 |    73 |   137 ||   296

Table legend: (Time is in decaauts)
 A = Elapsed time spent in this place.
 B = Non-inter-level travel time spent in this place.
 C = Inter-level travel time spent in this place.
 D = Time resting spent in this place.
 E = Time spent auto-exploring this place.
 F = Levels seen in this place.
 G = Mean time per level.
                   A        B        C        D        E       F      G
               +--------+--------+--------+--------+--------+-----+--------+
         Total |   8827 |   8555 |    272 |    633 |   6467 |   8 | 1103.4 |
       Dungeon |   8737 |   8465 |    272 |    633 |   6455 |   7 | 1248.1 |
        Bailey |     89 |     89 |      0 |      0 |     12 |   1 |   89.0 |
               +--------+--------+--------+--------+--------+-----+--------+

Top non-repeatable levels by time:
     D:5: 1762 daAuts
     D:2: 1541 daAuts
     D:4: 1371 daAuts
     D:6: 1299 daAuts
     D:1: 1221 daAuts
     D:3: 1016 daAuts
     D:7: 526 daAuts
  Bailey: 89 daAuts
